Map: Equilibrium LE

Players

SubN - Winner!

  • Race: Zerg Zerg
  • League: Diamond
  • Spawn Location: 11:00

PaperZerg

  • Race: Protoss Protoss
  • League: Diamond
  • Spawn Location: 1:00

VOD

Have the link to the VOD?

Description

Time

  • Played on: Jan. 20, 2024, 5:52 p.m.
  • Length: 12:35
Show
View Real Time Build Order
Export as new Build Order

SubN Zerg - Winner!

Build Orders: Hatch First 

Get SALT Encoding   

  12  0:00  Drone  
  13  0:12  Overlord  
  13  0:17  Drone  
  14  0:30  Drone x2  
  16  0:50  Hatchery  
  16  0:55  Drone  
  16  0:56  Drone  
  17  1:00  Drone  
  18  1:10  Extractor  
  17  1:16  Spawning Pool  
  16  1:19  Drone  
  16  1:23  Drone  
  18  1:27  Drone  
  19  1:38  Overlord  
  19  1:50  Drone  
  20  2:01  Drone  
  21  2:03  Zergling x2  
  21  2:04  Queen x2  
  26  2:11  Zergling x2  
  27  2:16  Metabolic Boost  
  27  2:25  Drone x3  
  30  2:36  Zergling x4  
  32  2:52  Drone x2  
  34  3:07  Hatchery  
  32  3:12  Zergling x2  
  32  3:13  Zergling x6  
  32  3:19  Queen  
  32  3:43  Drone x2  
  32  3:44  Drone  
  32  3:46  Overlord  
  35  3:49  Overlord  
  35  3:51  Overlord  
  35  4:03  Pneumatized Carapace  
  35  4:04  Queen  
  39  4:10  Drone x5  
  39  4:12  Drone  
  43  4:19  Roach Warren  
  43  4:20  Queen  
  44  4:27  Drone x2  
  44  4:28  Drone x3  
  44  4:30  Drone  
  50  4:32  Extractor  
  50  4:34  Zergling x2, Extractor  
  50  4:35  Zergling x2  
  50  4:38  Overlord  
  50  4:48  Drone x2  
  50  4:52  Drone x2, Overlord  
  54  4:55  Overlord  
  54  4:58  Overlord  
  54  5:00  Drone x2  
  54  5:05  Lair  
  56  5:11  Overlord  
  56  5:14  Zergling x6  
  56  5:18  Queen  
  60  5:29  Roach x4  
  65  5:45  Queen  
  67  5:51  Drone x4  
  67  5:55  Extractor  
  69  5:58  Roach x2  
  69  5:59  Roach x5  
  83  6:05  Drone  
  83  6:09  Baneling Nest  
  83  6:11  Drone  
  84  6:12  Spire  
  83  6:22  Drone  
  84  6:25  Spore Crawler  
  83  6:47  Overlord x4  
  82  6:55  Overlord x3  
  78  7:17  Glial Reconstitution  
  72  7:27  Mutalisk  
  72  7:28  Mutalisk x6  
  84  7:32  Drone x10  
  84  7:33  Drone x3  
  95  7:40  Zerg Flyer Weapons Level 1  
  95  7:44  Roach x3  
  91  7:50  Roach x2  
  95  8:01  Extractor  
  95  8:02  Drone  
  95  8:03  Extractor  
  88  8:06  Roach x5  
  88  8:12  Zergling x12  
  98  8:13  Zergling x4  
  96  8:21  Zergling x2  
  96  8:25  Roach x2  
  95  8:33  Zergling x2  
  85  8:34  Zergling x6  
  85  8:37  Queen  
  85  8:41  Mutalisk x4  
  87  8:47  Centrifugal Hooks  
  95  8:50  Drone  
  95  8:51  Drone x4  
  95  8:52  Drone x2  
  102  9:03  Drone x2, Spore Crawler  
  102  9:07  Baneling  
  102  9:08  Baneling x8  
  102  9:09  Zergling x10, Evolution Chamber  
  108  9:10  Zergling x2  
  108  9:12  Queen  
  108  9:21  Roach x4  
  110  9:29  Zergling x10  
  103  9:38  Roach  
  103  9:39  Roach x4  
  104  9:46  Roach  
  94  9:52  Zergling x2  
  94  9:53  Zergling x4  
  94  9:59  Roach  
  94  10:02  Roach  
  94  10:11  Roach  
  94  10:12  Roach x4  
  94  10:13  Zerg Missile Weapons Level 1  
  103  10:18  Roach  
  103  10:19  Roach x6  
  111  10:22  Hatchery, Roach x2  
  111  10:28  Roach  
  97  10:42  Roach x8  
  111  10:43  Roach  
  111  10:46  Zergling x6  
  105  10:52  Roach Warren  
  105  10:53  Zergling x6  
  101  11:01  Spine Crawler  
  98  11:06  Drone  
  98  11:07  Drone x2  
  98  11:08  Drone  
  98  11:09  Drone, Queen  
  105  11:17  Zergling x10  
  105  11:18  Zergling x10  
  115  11:25  Drone  
  115  11:28  Evolution Chamber  
  115  11:31  Zergling x2  
  116  11:35  Zergling x2  
  116  11:36  Zergling x4  
  116  11:38  Queen  
  121  11:41  Roach x4  
  120  11:47  Roach x3  
  113  12:08  Roach  
  114  12:09  Roach x9  
  114  12:15  Zergling x8  
Show
View Real Time Build Order
Export as new Build Order

PaperZerg Protoss 

Build Orders:  

Get SALT Encoding   

  12  0:00  Probe  
  13  0:12  Probe  
  14  0:18  Pylon  
  14  0:25  Probe (Chrono Boost)  
  15  0:38  Probe (Chrono Boost)  
  15  0:39  Gateway  
  16  0:43  Probe (Chrono Boost)  
  16  0:48  Assimilator  
  17  0:53  Probe  
  18  0:57  Assimilator  
  18  1:05  Probe  
  19  1:20  Gateway  
  19  1:28  Cybernetics Core  
  19  1:50  Nexus  
  19  1:52  Pylon  
  19  1:58  Probe  
  20  2:06  Adept (Chrono Boost)  
  20  2:07  Adept (Chrono Boost)  
  24  2:16  Probe  
  25  2:28  Probe  
  26  2:40  Probe, Stalker  
  26  2:41  Twilight Council  
  29  2:52  Probe  
  30  3:01  Stalker  
  30  3:04  Probe  
  33  3:17  Probe x2  
  35  3:29  Probe x2  
  37  3:41  Shield Battery, Probe x2  
  37  3:42  Warp Gate (Chrono Boost)  
  37  3:45  Gateway, Charge (Chrono Boost)  
  35  3:48  Pylon  
  35  3:57  Stalker x2  
  39  4:23  Probe  
  39  4:24  Probe  
  41  4:28  Gateway  
  41  4:29  Gateway  
  41  4:32  Robotics Facility  
  41  4:40  Probe x2  
  43  4:52  Probe x2  
  45  5:04  Probe  
  45  5:05  Pylon  
  46  5:30  Warp Prism (Chrono Boost)  
  44  5:36  Zealot  
  42  5:44  Gateway  
  42  5:46  Gateway  
  42  5:49  Gateway  
  42  5:51  Pylon  
  42  5:57  Zealot  
  42  6:13  Stalker x2  
  42  6:50  Warp Prism (Chrono Boost), Zealot x2  
  42  6:51  Stargate, Zealot x6  
  58  6:54  Stargate  
  58  7:02  Gateway  
  58  7:04  Gateway  
  56  7:14  Stalker x5  
  56  7:15  Stalker x2  
  70  7:19  Stalker  
  68  7:40  Nexus  
  68  7:43  Pylon  
  68  7:48  Pylon  
  68  7:52  Pylon  
  68  7:56  Pylon  
  66  8:08  Stalker x4  
  66  8:09  Stalker x5  
  66  8:10  Stalker  
  80  8:16  Blink (Chrono Boost)  
  74  8:36  Zealot x3  
  74  8:37  Zealot x5  
  74  8:38  Zealot x2  
  78  8:47  Pylon  
  78  8:49  Pylon  
  78  9:03  Stalker x3  
  78  9:04  Stalker  
  86  9:16  Forge  
  86  9:22  Stalker  
  86  9:23  Stalker x2  
  61  9:47  Zealot x3  
  61  9:48  Zealot x4  
  71  10:07  Probe x3  
  68  10:17  Shield Battery  
  68  10:19  Probe x3  
  68  10:20  Photon Cannon  
  61  10:31  Probe x3  
  56  10:54  Stalker x5  
  56  10:55  Stalker x2  
  62  11:01  Probe  
  61  11:19  Stalker x3  
  61  11:22  Zealot x2  
  61  11:23  Zealot x5  
  81  11:41  Nexus  
  81  11:42  Assimilator  
  81  11:43  Pylon  
  81  11:44  Assimilator  
  43  12:11  Stalker x3  
  43  12:12  Stalker x3  
  53  12:23  Assimilator  
  53  12:27  Assimilator  
  53  12:29  Zealot x4  
Tags
 
Add a new tag
Caveats
  • Supply blocks, unpowered buildings, or Contaminate may cause inaccurate times.
  • Supply counts are checked every 10 seconds.